General information
- name: BNet
- type: Ladder team game (AT/RT)
- host: Battle.net
- saver: DogOfWar
map: Northshire_LV
- players: 8
- length: 58:06
- speed: Fast
- version: 1.29 W3XP
- replay type: Public
» download(542 KB)
Players
team 1 (loser)
VeGoD (
blue | 103 APM | 4433 actions | 43:03)
4 Keeper of the Grove
2 Entangling Roots
2 Force of Nature
6 Pandaren Brewmaster
3 Breath of Fire
2 Drunken Haze
1 Storm Earth and Fire
» actions
| Assign group hotkey | 62 | |
| Basic commands | 574 | |
| Build / train | 82 | |
| ESC pressed | 1 | |
| Enter build submenu | 22 | |
| Enter hero's abilities submenu | 10 | |
| Right click | 1632 | |
| Select / deselect | 706 | |
| Select group hotkey | 1105 | |
| Use ability | 239 | |
4433 total
» units
| Wisp | 31 | |
| Huntress | 5 | |
| Dryad | 11 | |
| Druid of the Claw | 5 | |
52 total
» upgrades
| Ultravision | 1 | |
| Nature's Blessing | 1 | |
| Abolish Magic | 1 | |
| Druid of the Claw Training | 2 | |
| Strength of the Wild | 1 | |
| Mark of the Claw | 1 | |
7 total
» buildings
| Altar of Elders | 3 | |
| Moon Well | 7 | |
| Ancient of War | 2 | |
| Hunter's Hall | 1 | |
| Tree of Ages | 1 | |
| Ancient Protector | 2 | |
| Ancient of Wonders | 2 | |
| Ancient of Lore | 3 | |
| Tree of Eternity | 1 | |
| Tree of Life | 2 | |
24 total
» build order
00:06 Altar of Elders
00:18 Moon Well
01:41 Ancient of War
01:45 Hunter's Hall
02:04 Ancient of War
02:19 Moon Well
02:38 Moon Well
05:09 Tree of Ages
05:33 Ancient Protector
05:38 Ancient Protector
06:36 Moon Well
07:29 Ancient of Wonders
07:46 Ancient of Lore
07:51 Ancient of Lore
10:15 Tree of Eternity
12:03 Moon Well
14:02 Ancient of Lore
14:06 Ancient of Wonders
19:47 Moon Well
20:33 Tree of Life
25:15 Altar of Elders
38:24 Moon Well
38:26 Altar of Elders
38:28 Tree of Life
» items
| Lesser Clarity Potion | 1 | |
| Potion of Healing | 3 | |
| Staff of Preservation | 1 | |
| Orb of Venom | 2 | |
| Scroll of Town Portal | 2 | |
9 total
Newbs (
green | 14 APM | 622 actions | 44:50)
4 Blood Mage
2 Flame Strike
2 Siphon Mana
» actions
| Basic commands | 16 | |
| Build / train | 52 | |
| Enter build submenu | 19 | |
| Enter hero's abilities submenu | 4 | |
| Give item / drop item | 3 | |
| Right click | 230 | |
| Select / deselect | 246 | |
| Use ability | 52 | |
622 total
» units
| Peasant | 11 | |
| Mortar Team | 14 | |
| Flying Machine | 4 | |
29 total
» upgrades
| Gunpowder | 3 | |
| Armor | 3 | |
| Flare | 1 | |
| Fragmentation Shards | 1 | |
| Flak Cannons | 1 | |
| Flying Machine Bombs | 1 | |
10 total
» buildings
| Lumber Mill | 1 | |
| Farm | 10 | |
| Scout Tower | 1 | |
| Altar of Kings | 1 | |
| Arcane Tower | 1 | |
| Blacksmith | 1 | |
| Keep | 1 | |
| Castle | 1 | |
| Workshop | 3 | |
| Arcane Vault | 1 | |
21 total
» build order
00:24 Lumber Mill
01:08 Farm
01:22 Scout Tower
01:47 Altar of Kings
01:52 Farm
01:53 Arcane Tower
02:32 Blacksmith
02:54 Farm
02:55 Keep
03:43 Farm
04:26 Farm
05:09 Farm
05:18 Castle
05:22 Workshop
05:25 Workshop
05:28 Workshop
06:50 Farm
10:18 Arcane Vault
11:25 Farm
12:00 Farm
12:16 Farm
» items
| Scroll of Town Portal | 1 | |
| Scroll of Regeneration | 1 | |
2 total

»
baller (
orange | 68 APM | 1868 actions | 27:16)
6 Demon Hunter
2 Evasion
3 Immolation
1 Metamorphosis
3 Priestess of the Moon
2 Trueshot Aura
1 Searing Arrows
2 Naga Sea Witch
1 Frost Arrows
1 Forked Lightning
» actions
| Assign group hotkey | 45 | |
| Basic commands | 12 | |
| Build / train | 83 | |
| Enter build submenu | 32 | |
| Enter hero's abilities submenu | 11 | |
| Give item / drop item | 6 | |
| Remove unit from queue | 2 | |
| Right click | 1011 | |
| Select / deselect | 419 | |
| Select group hotkey | 175 | |
| Use ability | 72 | |
1868 total
» units
| Wisp | 23 | |
| Archer | 5 | |
| Goblin Shredder | 2 | |
| Hippogryph | 11 | |
| Chimaera | 6 | |
47 total
» upgrades
| Ultravision | 1 | |
| Nature's Blessing | 1 | |
| Strength of the Wild | 3 | |
| Reinforced Hides | 3 | |
| Well Spring | 1 | |
| Corrosive Breath | 1 | |
10 total
» buildings
| Altar of Elders | 1 | |
| Moon Well | 10 | |
| Ancient of War | 1 | |
| Tree of Ages | 1 | |
| Hunter's Hall | 1 | |
| Tree of Life | 5 | |
| Ancient of Wonders | 1 | |
| Ancient Protector | 4 | |
| Ancient of Wind | 3 | |
| Tree of Eternity | 1 | |
| Chimaera Roost | 4 | |
32 total
» build order
00:06 Altar of Elders
00:07 Moon Well
00:14 Moon Well
00:47 Ancient of War
01:22 Moon Well
01:43 Moon Well
03:20 Tree of Ages
04:09 Moon Well
04:35 Hunter's Hall
05:20 Tree of Life
05:33 Ancient of Wonders
06:02 Ancient Protector
06:04 Ancient Protector
06:08 Ancient Protector
06:19 Ancient Protector
06:36 Ancient of Wind
06:49 Tree of Eternity
08:47 Ancient of Wind
09:17 Chimaera Roost
09:19 Chimaera Roost
09:20 Chimaera Roost
09:59 Moon Well
11:30 Moon Well
11:32 Moon Well
11:47 Chimaera Roost
12:39 Ancient of Wind
18:58 Moon Well
19:00 Moon Well
19:40 Tree of Life
20:52 Tree of Life
22:55 Tree of Life
23:54 Tree of Life
» items
| Scroll of Town Portal | 6 | |
| Orb of Venom | 1 | |
| Moonstone | 1 | |
8 total
JOBSDONE. (
yellow | 105 APM | 6093 actions | 58:05)
8 Archmage
3 Summon Water Elemental
3 Brilliance Aura
1 Mass Teleport
1 Blizzard
7 Mountain King
3 Storm Bolt
3 Bash
1 Avatar
» actions
| Assign group hotkey | 118 | |
| Basic commands | 579 | |
| Build / train | 213 | |
| ESC pressed | 9 | |
| Enter build submenu | 63 | |
| Enter hero's abilities submenu | 16 | |
| Give item / drop item | 4 | |
| Remove unit from queue | 1 | |
| Right click | 1313 | |
| Select / deselect | 1044 | |
| Select group hotkey | 2262 | |
| Use ability | 471 | |
6093 total
» units
| Peasant | 11 | |
| Footman | 4 | |
| Goblin Shredder | 1 | |
| Rifleman | 8 | |
| Priest | 5 | |
| Flying Machine | 5 | |
| Sorceress | 7 | |
| Siege Engine | 3 | |
| Spell Breaker | 5 | |
| Gryphon Rider | 1 | |
| Knight | 2 | |
| Mortar Team | 3 | |
55 total
» upgrades
| Gunpowder | 3 | |
| Armor | 3 | |
| Masonry | 3 | |
| Priest Training | 2 | |
| Long Rifles | 1 | |
| Magic Sentry | 1 | |
| Lumber Harvesting | 2 | |
| Sorceress Training | 2 | |
| Barrage | 1 | |
| Plating | 3 | |
| Control Magic | 1 | |
| Swords | 3 | |
| Flak Cannons | 1 | |
| Flying Machine Bombs | 1 | |
| Flare | 1 | |
| Fragmentation Shards | 1 | |
| Animal War Training | 1 | |
| Defend | 1 | |
| Storm Hammers | 1 | |
| Cloud | 1 | |
| Backpack | 1 | |
34 total
» buildings
| Altar of Kings | 1 | |
| Barracks | 2 | |
| Farm | 12 | |
| Arcane Vault | 2 | |
| Scout Tower | 31 | |
| Arcane Tower | 9 | |
| Lumber Mill | 1 | |
| Blacksmith | 1 | |
| Keep | 2 | |
| Town Hall | 4 | |
| Guard Tower | 38 | |
| Arcane Sanctum | 2 | |
| Castle | 2 | |
| Workshop | 2 | |
| Gryphon Aviary | 2 | |
111 total
» build order
00:44 Altar of Kings
00:46 Barracks
00:51 Farm
01:03 Farm
01:04 Farm
01:52 Arcane Vault
02:00 Scout Tower
02:16 Farm
02:28 Arcane Tower
02:28 Arcane Tower
02:54 Lumber Mill
03:12 Scout Tower
03:55 Blacksmith
04:26 Keep
04:26 Keep
05:09 Town Hall
05:12 Scout Tower
05:33 Guard Tower
05:33 Guard Tower
05:37 Arcane Tower
05:37 Arcane Tower
05:38 Arcane Tower
07:04 Scout Tower
07:21 Scout Tower
07:32 Arcane Sanctum
07:52 Guard Tower
07:52 Guard Tower
07:58 Farm
08:42 Castle
08:42 Castle
08:55 Guard Tower
08:55 Guard Tower
08:56 Scout Tower
08:59 Scout Tower
09:38 Guard Tower
09:39 Guard Tower
09:42 Scout Tower
09:44 Scout Tower
09:48 Arcane Sanctum
10:09 Guard Tower
10:09 Guard Tower
10:14 Guard Tower
10:14 Guard Tower
10:16 Guard Tower
10:16 Guard Tower
10:16 Guard Tower
10:18 Guard Tower
10:18 Guard Tower
10:25 Farm
10:40 Scout Tower
11:20 Guard Tower
11:20 Guard Tower
11:48 Farm
11:49 Farm
11:53 Scout Tower
11:59 Barracks
12:24 Guard Tower
12:24 Guard Tower
12:31 Workshop
12:35 Workshop
16:45 Farm
16:46 Farm
18:03 Farm
18:04 Farm
23:35 Town Hall
23:37 Scout Tower
23:38 Scout Tower
23:40 Scout Tower
23:40 Scout Tower
23:53 Gryphon Aviary
23:54 Gryphon Aviary
24:11 Arcane Tower
24:13 Guard Tower
24:13 Guard Tower
24:47 Guard Tower
24:47 Guard Tower
24:47 Guard Tower
24:47 Guard Tower
25:06 Scout Tower
25:07 Scout Tower
25:38 Guard Tower
25:38 Guard Tower
25:39 Guard Tower
25:39 Guard Tower
26:00 Scout Tower
26:01 Scout Tower
26:03 Scout Tower
26:55 Guard Tower
26:55 Guard Tower
37:27 Town Hall
37:34 Scout Tower
37:35 Scout Tower
37:38 Scout Tower
38:06 Arcane Tower
38:06 Arcane Tower
38:33 Guard Tower
38:33 Guard Tower
50:16 Town Hall
50:17 Scout Tower
50:19 Scout Tower
50:20 Scout Tower
50:21 Scout Tower
50:22 Scout Tower
50:29 Arcane Vault
50:31 Scout Tower
50:53 Arcane Tower
50:55 Guard Tower
50:57 Guard Tower
50:57 Guard Tower
55:47 Scout Tower
55:55 Scout Tower
» items
| Mechanical Critter | 8 | |
| Scroll of Regeneration | 7 | |
| Ivory Tower | 2 | |
| Orb of Fire | 1 | |
| Potion of Healing | 3 | |
| Staff of Sanctuary | 1 | |
| Scroll of Town Portal | 4 | |
| Potion of Lesser Invulnerability | 2 | |
| Scroll of Protection | 4 | |
| Periapt of Vitality | 1 | |
33 total
team 2 (winner)

»
reI0r-xxIIi (
red | 58 APM | 1363 actions | 23:26)
5 Blademaster
3 Wind Walk
2 Critical Strike
» actions
| Assign group hotkey | 77 | |
| Basic commands | 91 | |
| Build / train | 50 | |
| ESC pressed | 2 | |
| Enter build submenu | 23 | |
| Enter hero's abilities submenu | 5 | |
| Give item / drop item | 16 | |
| Right click | 493 | |
| Select / deselect | 475 | |
| Select group hotkey | 37 | |
| Use ability | 93 | |
1363 total
» units
» upgrades
| Spiked Barricades | 1 | |
| Liquid Fire | 1 | |
| Reinforced Defenses | 1 | |
3 total
» buildings
| Altar of Storms | 1 | |
| Orc Burrow | 3 | |
| Voodoo Lounge | 2 | |
| War Mill | 1 | |
| Stronghold | 2 | |
| Watch Tower | 8 | |
| Fortress | 2 | |
| Beastiary | 2 | |
| Great Hall | 4 | |
25 total
» build order
00:11 Altar of Storms
00:22 Orc Burrow
01:14 Voodoo Lounge
01:29 War Mill
02:33 Stronghold
02:33 Stronghold
02:49 Watch Tower
03:21 Watch Tower
03:45 Watch Tower
03:47 Watch Tower
03:52 Orc Burrow
05:12 Fortress
05:13 Fortress
05:20 Watch Tower
05:59 Watch Tower
06:57 Beastiary
07:50 Beastiary
10:32 Orc Burrow
11:37 Watch Tower
11:41 Watch Tower
13:31 Great Hall
13:40 Great Hall
13:57 Great Hall
14:06 Great Hall
14:33 Voodoo Lounge
» items
| Healing Salve | 3 | |
| Lesser Clarity Potion | 9 | |
| Boots of Speed | 1 | |
| Circlet of Nobility | 1 | |
| Orb of Lightning | 1 | |
| Potion of Healing | 3 | |
| Potion of Mana | 2 | |
| Potion of Lesser Invulnerability | 1 | |
| Scroll of Town Portal | 1 | |
22 total

»
KoreanStarcraft (
purple | 78 APM | 4559 actions | 58:05)
10 Demon Hunter
2 Evasion
3 Immolation
3 Mana Burn
2 Metamorphosis
» actions
| Assign group hotkey | 54 | |
| Basic commands | 412 | |
| Build / train | 154 | |
| ESC pressed | 6 | |
| Enter build submenu | 32 | |
| Enter hero's abilities submenu | 9 | |
| Give item / drop item | 5 | |
| Remove unit from queue | 1 | |
| Right click | 2332 | |
| Select / deselect | 941 | |
| Select group hotkey | 471 | |
| Use ability | 139 | |
4559 total
» units
| Wisp | 19 | |
| Archer | 26 | |
| Huntress | 15 | |
| Druid of the Claw | 10 | |
| Dryad | 35 | |
| Glaive Thrower | 3 | |
108 total
» upgrades
| Strength of the Moon | 3 | |
| Strength of the Wild | 3 | |
| Druid of the Claw Training | 2 | |
| Abolish Magic | 1 | |
| Reinforced Hides | 3 | |
| Upgrade Moon Glaive | 1 | |
| Mark of the Claw | 1 | |
| Improved Bows | 1 | |
| Marksmanship | 1 | |
| Moon Armor | 1 | |
17 total
» buildings
| Altar of Elders | 1 | |
| Ancient of War | 4 | |
| Ancient of Wonders | 2 | |
| Moon Well | 10 | |
| Hunter's Hall | 1 | |
| Tree of Ages | 1 | |
| Ancient of Lore | 2 | |
| Tree of Eternity | 1 | |
| Tree of Life | 4 | |
| Great Hall | 1 | |
27 total
» build order
00:08 Altar of Elders
00:41 Ancient of War
01:00 Ancient of Wonders
01:13 Moon Well
01:53 Moon Well
02:48 Hunter's Hall
02:59 Moon Well
03:47 Tree of Ages
04:10 Moon Well
05:05 Moon Well
06:31 Ancient of Lore
06:34 Ancient of Lore
07:04 Ancient of Wonders
09:20 Tree of Eternity
09:36 Moon Well
10:20 Moon Well
10:43 Tree of Life
17:21 Moon Well
25:21 Ancient of War
26:12 Tree of Life
33:09 Ancient of War
33:11 Ancient of War
33:54 Moon Well
33:55 Moon Well
34:27 Tree of Life
38:58 Tree of Life
50:42 Great Hall
» items
| Lesser Clarity Potion | 2 | |
| Boots of Speed | 1 | |
| Scroll of Town Portal | 3 | |
| Orb of Venom | 1 | |
| Potion of Lesser Invulnerability | 1 | |
| Periapt of Vitality | 1 | |
| Tome of Retraining | 1 | |
10 total

»
Flint[hun] (
teal | 33 APM | 788 actions | 23:41)
3 Blademaster
1 Wind Walk
1 Critical Strike
1 Mirror Image
3 Shadow Hunter
1 Hex
1 Healing Wave
1 Serpent Ward
» actions
| Basic commands | 1 | |
| Build / train | 73 | |
| Enter build submenu | 19 | |
| Enter hero's abilities submenu | 6 | |
| Give item / drop item | 3 | |
| Remove unit from queue | 3 | |
| Right click | 376 | |
| Select / deselect | 217 | |
| Use ability | 90 | |
788 total
» units
| Peon | 14 | |
| Wind Rider | 9 | |
| Troll Witch Doctor | 3 | |
| Shaman | 3 | |
| Troll Batrider | 2 | |
| Raider | 2 | |
33 total
» upgrades
| Spiked Barricades | 1 | |
| Ranged Weapons | 2 | |
| Armor | 2 | |
| Shaman Training | 2 | |
| Envenomed Spears | 1 | |
| Liquid Fire | 1 | |
| Witch Doctor Training | 2 | |
| Reinforced Defenses | 1 | |
| Ensnare | 1 | |
13 total
» buildings
| Orc Burrow | 8 | |
| Altar of Storms | 1 | |
| Voodoo Lounge | 1 | |
| War Mill | 1 | |
| Stronghold | 1 | |
| Beastiary | 2 | |
| Fortress | 1 | |
| Spirit Lodge | 1 | |
| Great Hall | 2 | |
| Watch Tower | 5 | |
23 total
» build order
00:14 Orc Burrow
00:30 Altar of Storms
01:48 Voodoo Lounge
02:07 Orc Burrow
02:29 War Mill
02:34 Stronghold
03:11 Orc Burrow
03:33 Orc Burrow
06:08 Beastiary
06:09 Fortress
07:03 Spirit Lodge
07:09 Beastiary
07:14 Orc Burrow
08:38 Orc Burrow
10:11 Great Hall
13:56 Orc Burrow
17:34 Orc Burrow
18:47 Watch Tower
18:55 Watch Tower
18:56 Watch Tower
18:57 Watch Tower
18:58 Watch Tower
19:54 Great Hall
» items
| Healing Salve | 5 | |
| Lesser Clarity Potion | 4 | |
| Boots of Speed | 1 | |
| Orb of Lightning | 1 | |
| Scroll of Town Portal | 3 | |
| Scroll of Speed | 1 | |
15 total
DogOfWar (
pink | 90 APM | 5221 actions | 58:06)
10 Goblin Alchemist
3 Chemical Rage
3 Healing Spray
1 Transmute
3 Acid Bomb
» actions
| Assign group hotkey | 82 | |
| Basic commands | 164 | |
| Build / train | 110 | |
| Enter build submenu | 58 | |
| Enter hero's abilities submenu | 10 | |
| Give item / drop item | 11 | |
| Remove unit from queue | 3 | |
| Right click | 1706 | |
| Select / deselect | 529 | |
| Select group hotkey | 2282 | |
| Use ability | 266 | |
5221 total
» units
| Peasant | 12 | |
| Footman | 4 | |
| Goblin Shredder | 2 | |
| Gryphon Rider | 6 | |
| Goblin Sapper | 4 | |
| Dragonhawk Rider | 10 | |
38 total
» upgrades
| Masonry | 3 | |
| Swords | 3 | |
| Armor | 3 | |
| Animal War Training | 1 | |
| Storm Hammers | 1 | |
| Cloud | 1 | |
12 total
» buildings
| Altar of Kings | 1 | |
| Barracks | 1 | |
| Farm | 14 | |
| Scout Tower | 30 | |
| Arcane Tower | 1 | |
| Arcane Vault | 3 | |
| Keep | 1 | |
| Lumber Mill | 1 | |
| Town Hall | 5 | |
| Castle | 1 | |
| Guard Tower | 11 | |
| Gryphon Aviary | 4 | |
| Blacksmith | 2 | |
75 total
» build order
00:50 Altar of Kings
00:51 Barracks
00:53 Farm
00:54 Farm
01:06 Farm
01:25 Farm
01:56 Scout Tower
02:29 Arcane Tower
02:48 Farm
03:10 Arcane Vault
03:41 Keep
04:15 Lumber Mill
04:49 Town Hall
04:55 Scout Tower
04:56 Scout Tower
04:58 Scout Tower
05:04 Scout Tower
06:40 Castle
06:50 Guard Tower
07:00 Guard Tower
08:08 Scout Tower
08:08 Scout Tower
08:09 Scout Tower
08:12 Scout Tower
08:17 Gryphon Aviary
08:18 Gryphon Aviary
08:58 Gryphon Aviary
08:59 Gryphon Aviary
09:02 Blacksmith
09:04 Blacksmith
09:10 Guard Tower
09:42 Farm
09:44 Farm
09:49 Farm
12:00 Scout Tower
12:00 Scout Tower
12:01 Scout Tower
12:02 Scout Tower
12:02 Scout Tower
13:15 Guard Tower
14:05 Farm
14:05 Farm
14:05 Farm
14:08 Farm
14:10 Farm
17:23 Town Hall
17:26 Scout Tower
17:26 Scout Tower
17:27 Scout Tower
17:27 Scout Tower
17:28 Scout Tower
17:28 Scout Tower
17:29 Scout Tower
17:29 Scout Tower
17:30 Scout Tower
17:31 Scout Tower
17:31 Scout Tower
17:32 Scout Tower
17:35 Arcane Vault
18:01 Guard Tower
18:24 Guard Tower
18:26 Guard Tower
18:57 Guard Tower
18:58 Guard Tower
19:03 Scout Tower
19:03 Scout Tower
19:03 Scout Tower
19:04 Scout Tower
19:10 Arcane Vault
20:03 Guard Tower
20:03 Guard Tower
25:39 Town Hall
37:36 Town Hall
46:03 Town Hall
56:47 Farm
» items
| Scroll of Regeneration | 3 | |
| Lesser Clarity Potion | 2 | |
| Mechanical Critter | 4 | |
| Scroll of Town Portal | 6 | |
| Scroll of Protection | 5 | |
| Staff of Teleportation | 2 | |
| Potion of Healing | 3 | |
| Potion of Mana | 2 | |
| Boots of Speed | 1 | |
| Scroll of Healing | 2 | |
| Periapt of Vitality | 1 | |
31 total
Chat log
(00:09 / Allies) KoreanStarcraft: hi
(00:12 / Allies) reI0r-xxIIi: eyy
(00:27 / All) KoreanStarcraft: is it just me or are the trees tiny in this map
(00:33 / All) Newbs: purple
(00:37 / All) JOBSDONE.: they're tall and slender
(00:37 / All) DogOfWar: Everything looks tiny
(00:38 / Allies) reI0r-xxIIi: oh ya
(00:38 / All) baller: you high brugh
(00:40 / Allies) reI0r-xxIIi: look kinda thin
(00:44 / All) Newbs: koreans are tiny
(00:55 / All) KoreanStarcraft: my wang is huge tho
(00:56 / All) Newbs: purple
(01:04 / All) Newbs: purple
(01:40 / All) Newbs: purple, what is going on with little kim, you should know you are korean?
(02:07 / Allies) DogOfWar: guys in a few mins I will go afk for 1 min
(02:08 / All) baller: i tongued her
(02:12 / All) Newbs: it little kim going to be allowed to keep his concentration camps
(02:16 / Allies) DogOfWar: save my base if faggot newbs hits me with mass morts
(02:25 / All) Newbs: imprisoning korean civilians?
(02:49 / All) Newbs: purple is lucky he doesn't live in north korea
(03:03 / All) Newbs: little kim probably lock him up
(03:33 / All) Newbs: purple knows whats up, doesn't want to say anything
(03:39 / All) Newbs: little kim is spying on him
(04:07 / All) Newbs: that is the real little kim
(04:14 / All) Newbs: not the fake rapper nig
(04:40 / All) Newbs: why you so quiet purple?
(04:50 / All) KoreanStarcraft: busy being lesbian
(04:58 / All) Newbs: you know he is going to be allowed to keep his concentration camps
(05:06 / All) Newbs: that fool is living large
(05:41 / Allies) DogOfWar: I go afk for 1 min protect me please
(06:38 / Allies) DogOfWar: back
(09:14 / Allies) KoreanStarcraft: rip farm
(09:55 / Allies) DogOfWar: wood?
(10:16 / Allies) DogOfWar: ty
(11:05 / Allies) KoreanStarcraft: oh snap
(11:07 / Allies) KoreanStarcraft: kill this ninja
(14:55 / Allies) DogOfWar: hELP
(15:01 / Allies) DogOfWar: he move on I think
(16:36 / Allies) KoreanStarcraft: anyone need wood?
(19:10 / Allies) reI0r-xxIIi: got any gold ?
(19:16 / Allies) reI0r-xxIIi: dogs
(19:18 / Allies) reI0r-xxIIi: can i get some gold?
(19:36 / Allies) reI0r-xxIIi: dogofwar
(19:38 / Allies) reI0r-xxIIi: gold me plz
(19:44 / Allies) DogOfWar: you died bro
(19:57 / Allies) reI0r-xxIIi: u got 1700
(20:02 / Allies) KoreanStarcraft: wtf 1700
(20:02 / Allies) reI0r-xxIIi: using all of it?
(20:38 / Allies) reI0r-xxIIi: 2300
(20:43 / Allies) reI0r-xxIIi: dang bro are u that greedy?
(21:26 / Allies) reI0r-xxIIi: 2400
(21:28 / Allies) reI0r-xxIIi: and counting
(21:32 / Allies) KoreanStarcraft: bro give him some so he can rebuild
(21:59 / Allies) reI0r-xxIIi: 2700
(22:23 / Allies) reI0r-xxIIi: interesting playstyle bro
(22:35 / Allies) KoreanStarcraft: well we gonna lose
(22:40 / Allies) KoreanStarcraft: everyone 2k gold
(22:41 / Allies) KoreanStarcraft: lol
(23:04 / Allies) KoreanStarcraft: pink we need u to defend
(23:25 / Allies) reI0r-xxIIi: ggs
(23:31 / Allies) Flint[hun]: lol
(26:35 / Allies) KoreanStarcraft: its gg lol
(27:21 / Allies) KoreanStarcraft: lol what
(30:35 / Allies) KoreanStarcraft: well rip my army
(32:02 / Allies) KoreanStarcraft: lol my small group killed all of greens stuff
(32:23 / All) DogOfWar: green was killed 30 minutes ago
(32:31 / Allies) KoreanStarcraft: ima need help or die
(32:43 / All) Newbs: yellow wants you to get him doggy style
(32:46 / All) KoreanStarcraft: yeet
(32:47 / All) Newbs: his fag ass tkd
(32:54 / All) Newbs: he massed 6000 gold
(33:07 / All) Newbs: yellow is obviously your candy ass bitch boy
(33:11 / All) Newbs: you told him to lose
(33:14 / All) Newbs: he obeyed
(33:24 / All) Newbs: no surprise
(33:45 / Allies) KoreanStarcraft: rip again hero
(33:57 / All) Newbs: yellow has 5100 gold 2400 lumber
(34:00 / All) KoreanStarcraft: lol
(34:09 / All) Newbs: he losing cause you told him too, he is submissive to you
(34:19 / All) Newbs: yellow is your little sweet candy ass bitch boy
(34:32 / All) Newbs: Truth be told
(34:34 / All) JOBSDONE.: Green keeps reciting his gay fantasies then calls me gay
(34:35 / All) Newbs: look at him
(34:38 / All) KoreanStarcraft: im super gay
(34:39 / All) Newbs: all quiet
(34:47 / All) Newbs: cause he knows you are going to give him the cock later
(34:54 / All) Newbs: he is your little sweet heart
(35:01 / All) Newbs: yellow is fag
(35:02 / All) Newbs: period
(35:07 / All) Newbs: being submissive to you
(35:15 / All) Newbs: ahahahahhhahahhahhahah
(35:21 / All) Newbs: we all know yellow is fagget
(35:22 / All) JOBSDONE.: I'm not into that queer
(35:26 / All) Newbs: he doesnt mind losing
(35:35 / All) Newbs: just as long as you feed him the Cock
(35:51 / All) Newbs: yellow isn't even denying it
(35:59 / All) Newbs: he has a big smile on his face
(35:59 / Allies) KoreanStarcraft: gettim daddy pink
(36:04 / All) JOBSDONE.: talking to yourself still?
(36:08 / All) Newbs: cause he knows you are going to get him doggy style
(36:13 / All) Newbs: ahahahahahhahahahahhahaha
(36:31 / All) Newbs: typical queers like yellow
(36:41 / All) Newbs: gays like yellow are destroying America
(36:48 / All) DogOfWar: FRIENDSHIP ENDED WITH BLADEMASTER
(36:53 / All) Newbs: he needs to be put in a Concentration camp
(36:54 / All) DogOfWar: NOW ALCHEMIST IS MY NEW BEST FRIEND
(37:37 / Allies) KoreanStarcraft: i got no income
(37:50 / Allies) KoreanStarcraft: ok now i got a lil
(37:52 / Allies) KoreanStarcraft: but only 1000 left on it haha
(38:39 / Allies) KoreanStarcraft: shit can i have 300 lummb back lol
(38:48 / All) Newbs: yellow knows he is going to get the penis treat for taking the loss
(38:56 / All) Newbs: yellow is a submissive little fag
(39:10 / All) DogOfWar: Newbs is a newbie and a devil worshiper
(39:16 / All) KoreanStarcraft: i also worship the devil tho
(39:21 / All) DogOfWar: I report him for worshipping Satan to Blizard
(39:25 / All) Newbs: I am A JUDE CHRISTIAN
(39:35 / All) Newbs: JESUS CHRIST IS MY GOD AMEN
(39:38 / Allies) KoreanStarcraft: ha
(39:40 / Allies) KoreanStarcraft: i drained the mine
(39:40 / Allies) KoreanStarcraft: sweet
(39:42 / All) JOBSDONE.: he's a jew!
(39:45 / All) Newbs: ELOHIM IS GOD
(40:04 / All) JOBSDONE.: GOOD BYE JEWS GOOD BYE JEWS GOOD BYE JEWS
(40:07 / Allies) KoreanStarcraft: noo my wisp
(40:24 / Allies) KoreanStarcraft: i somehow have a second tree of life
(40:27 / Allies) KoreanStarcraft: walking in the middle of the map lol
(40:32 / All) Newbs: damn, yellow wants to Destroy The State Of ISRAEL, he wants to murder all the Jewish people
(40:34 / Allies) KoreanStarcraft: gonna go root it in greens shit
(40:38 / All) Newbs: Send Mossad after yellow
(40:40 / All) Newbs: snuff him
(40:48 / All) JOBSDONE.: shut it jew
(40:55 / All) JOBSDONE.: you got holocausted this game
(40:57 / All) Newbs: Mossad is going to get you yellow
(41:01 / All) Newbs: Watch
(41:03 / All) JOBSDONE.: I'm scared
(41:06 / All) Newbs: you wont even feel it
(41:12 / All) JOBSDONE.: quivering in my boots
(41:20 / All) Newbs: you going down like saddam hussein
(41:25 / Allies) KoreanStarcraft: save meh
(41:33 / Allies) DogOfWar: too risky
(41:38 / Allies) KoreanStarcraft: but my army there too
(41:50 / All) Newbs: yellow just declared War on all the Jewish Christian People of The World
(42:04 / All) Newbs: time for Mossad to track yellow down and send him to hell
(42:06 / All) Newbs: he a fag anyway
(42:10 / All) Newbs: gays burn in hell
(42:42 / All) Newbs: yellow hates ISRAEL and Jewish Christian people
(42:45 / All) Newbs: send him to hell
(42:49 / All) Newbs: remove him from Earth
(42:51 / All) DogOfWar: NEwbs is a jew lover
(42:53 / All) Newbs: he is a homosexual
(42:53 / All) DogOfWar: and lover of Satan
(43:00 / All) VeGoD: lay off the meth
(43:08 / All) Newbs: JESUS CHRIST IS GOD
(43:11 / All) Newbs: AMEN
(43:14 / All) Newbs: ELOHIM POWER
(43:23 / All) DogOfWar: Jews killed Jesus
(43:31 / All) DogOfWar: JEWS = CHRIST KILLERES
(43:31 / All) Newbs: Nope
(43:34 / All) JOBSDONE.: I wonder if blue was that guy who accused me of being on meth before
(43:38 / All) DogOfWar: JEWS = CHRIST KILLERS
(43:40 / All) JOBSDONE.: and I said yeah I was then he rambled about it all game
(43:46 / All) DogOfWar: NEWBS IS JEW LOVER
(43:51 / All) Newbs: JESUS IS ELOHIM YAHWEH
(43:53 / All) DogOfWar: NEWBS WORSHIPS SATAN
(43:56 / Allies) KoreanStarcraft: im gonan attack
(43:56 / All) Newbs: SAME GOD
(44:11 / Allies) KoreanStarcraft: we need to check that too
(44:13 / All) Newbs: yellow wants to See every Jewish Christian Die
(44:19 / All) Newbs: get rid of him with Mossad
(44:21 / All) KoreanStarcraft: i want all religious folk to die hail satan
(45:23 / All) DogOfWar: claws of attack + 12 that's it!?
(46:21 / All) JOBSDONE.: wow my golems onlky had crystal ball
(46:28 / All) JOBSDONE.: they drop same items as hydras on murgul
(46:32 / All) JOBSDONE.: but are way tougher
(46:51 / All) DogOfWar: my gamefags account got suspended I forgot ot check replies during this time fux
(47:05 / Allies) KoreanStarcraft: he tped down here
(47:50 / Allies) KoreanStarcraft: he chasin me lol
(48:31 / Allies) DogOfWar: helm of valor
(48:50 / Allies) KoreanStarcraft: fuck me
(48:53 / Allies) DogOfWar: gonna kill these towers
(48:58 / Allies) DogOfWar: they only give exp now
(49:27 / Allies) KoreanStarcraft: o shit he comin
(50:24 / Allies) KoreanStarcraft: lol you just stop makin units?
(51:34 / Allies) KoreanStarcraft: u afk now?
(53:36 / Allies) KoreanStarcraft: y u trollin doe
(53:39 / Allies) KoreanStarcraft: ima just go afk
(53:41 / Allies) KoreanStarcraft: and wait for you to leave
(53:44 / Allies) DogOfWar: I'm a soldier of fortune
(53:54 / Allies) DogOfWar: He has offered me a great price to turn my back on my former comrades
(53:54 / Allies) KoreanStarcraft: have fun being afk in this game for the rest of the night
(53:58 / Allies) DogOfWar: 20 dollars via Paypal
(54:18 / All) JOBSDONE.: 2-1 now purp
(54:27 / All) KoreanStarcraft: yeah i get it youre a fag
(54:37 / All) JOBSDONE.: didn't you call yourself a dyke
(54:41 / All) KoreanStarcraft: duh
(54:46 / All) KoreanStarcraft: anyways ima go play starcraft
(54:46 / All) JOBSDONE.: don't call me a queer then homo
(54:47 / All) KoreanStarcraft: have fun being afk
(54:49 / All) JOBSDONE.: out
(54:51 / All) JOBSDONE.: go back to the shit game
(54:52 / All) DogOfWar: Can you offer a better price for a win?
(54:57 / All) JOBSDONE.: you're too trash for the superior patrician's RTS
(55:04 / All) DogOfWar: pack up your tackle box and take a hike you softball dyke
(57:39 / Allies) DogOfWar: Well? Any bids higher than 20 dollars?
(57:46 / Allies) DogOfWar: ABIBAIAIBFDDIBIABIABIABIABI
(57:48 / Allies) DogOfWar: GOING ONCE
(57:51 / Allies) DogOfWar: ABIABIABIABIAIBAIBAIBIBAIBAIBAIBBIIBIB
(57:53 / Allies) DogOfWar: GOING TWICE
(57:55 / Allies) DogOfWar: ABIBIBIABIABIABIABIBAIIBA
(57:56 / Allies) DogOfWar: SOLD
(58:01 / Allies) DogOfWar: TO THE MAN IN THE YELLOW COAT